 Dungeon Crawl Stone Soup version 0.25-a0-566-g062765be81 (webtiles) character file.

Game seed: 14447046218824023117, levelgen mode: deterministic

315 Emblim88 the Shield-Bearer (level 6, 0/53 HPs)
             Began as a Gnoll Fighter on Feb 27, 2020.
             Was an Initiate of Gozag.
             Succumbed to a scorpion's poison
             ... on level 3 of the Dungeon.
             The game lasted 00:05:27 (2314 turns).

Emblim88 the Shield-Bearer (Gnoll Fighter)          Turns: 2314, Time: 00:05:28

Health: 0/53       AC:  9    Str: 21    XL:     6   Next: 43%
Magic:  8/8        EV:  9    Int: 10    God:    Gozag
Gold:   369        SH: 11    Dex: 14    Spells: 8/8 levels left

rFire    . . .     SeeInvis .   a - +0 trident
rCold    . . .     Gourm    .   c - +0 kite shield
rNeg     . . .     Faith    .   b - +0 scale mail
rPois    .         Spirit   .   (no helmet)
rElec    .         Reflect  .   x - +0 cloak
rCorr    .         Harm     .   (no gloves)
MR       .....                  (no boots)
Stlth    +.........             (no amulet)
HPRegen  0.17/turn              (no ring)
MPRegen  0.11/turn              (no ring)

@: brilliant, lethally poisoned (0 -> -20), gold aura
A: distributed training, fangs 1, strong nose
a: Potion Petition, Call Merchant, Bribe Branch, Renounce Religion


You were on level 3 of the Dungeon.
You worshipped Gozag.
Gozag was aware of your devotion.
You were hungry.

You visited 1 branch of the dungeon, and saw 4 of its levels.

You collected 399 gold pieces.
You paid 30 gold pieces to Gozag.

Inventory:

Hand Weapons
 a - a +0 trident (weapon)
 i - a +2 dagger of venom
 w - a +2 quarterstaff of chaos
Missiles
 h - 101 stones (quivered)
 o - 5 boomerangs
 u - 6 poisoned darts
Armour
 b - a +0 scale mail (worn)
 c - a +0 kite shield (worn)
 x - a +0 cloak (worn)
Wands
 d - a wand of polymorph (11)
 n - a wand of flame (12)
Scrolls
 e - a scroll of enchant armour {unknown}
 j - 4 scrolls of identify {unknown}
 k - 2 scrolls of immolation {unknown}
 l - a scroll of remove curse {unknown}
 m - a scroll of fear {unknown}
 q - a scroll of enchant weapon {unknown}
 t - a scroll of amnesia {unknown}
Potions
 g - a potion of curing {unknown}
 p - a potion of lignification {unknown}
 r - a potion of brilliance
 s - a potion of magic {unknown}
 v - a potion of might
Comestibles
 f - 4 rations


   Skills:
 + Level 6.8 Fighting
 + Level 1.9 Short Blades
 + Level 1.9 Long Blades
 + Level 1.9 Axes
 + Level 1.9 Maces & Flails
 + Level 5.0 Polearms
 + Level 1.9 Staves
 + Level 1.9 Slings
 + Level 1.9 Bows
 + Level 1.9 Crossbows
 + Level 1.9 Throwing
 + Level 6.8 Armour
 + Level 1.9 Dodging
 + Level 1.9 Stealth
 + Level 6.8 Shields
 + Level 1.9 Unarmed Combat
 + Level 1.9 Spellcasting
 + Level 1.5 Conjurations
 + Level 1.5 Hexes
 + Level 1.5 Charms
 + Level 1.5 Summonings
 + Level 1.5 Necromancy
 + Level 1.5 Translocations
 + Level 1.5 Transmutations
 + Level 1.5 Fire Magic
 + Level 1.5 Ice Magic
 + Level 1.5 Air Magic
 + Level 1.5 Earth Magic
 + Level 1.5 Poison Magic
 + Level 2.1 Invocations
 + Level 1.9 Evocations


You had 8 spell levels left.
You didn't know any spells.
Your spell library contained the following spells:

 Spells                   Type           Power        Failure   Level  Hunger
 Animate Skeleton         Necr           N/A          75%         1    None
 Apportation              Tloc           #.....       75%         1    None
 Corona                   Hex            #......      75%         1    None
 Summon Small Mammal      Summ           #...         75%         1    None


Dungeon Overview and Level Annotations

Branches:
Dungeon (4/15)
 Temple: D:4-7

Altars:
Ashenzari
Cheibriados
Fedhas
Gozag
Okawaru
Ru
Yredelemnul


Innate Abilities, Weirdness & Mutations

Your experience applies equally to all skills.
You have very sharp teeth.
Your uncanny sense of smell can sniff out nearby items.


Message History

The scorpion stings you but does no damage.
You barely miss the scorpion.
The scorpion is heavily wounded.
You feel sick. The scorpion stings you.
You are more poisoned.
The scorpion poisons you!
You closely miss the scorpion.
The scorpion is heavily wounded.
You feel sick. You block the scorpion's attack.
The orc priest mumbles some strange prayers to Beogh against you.
Beogh smites you!
* * * LOW HITPOINT WARNING * * *
The scorpion stings you.
* * * LOW HITPOINT WARNING * * *
You are more poisoned.
The scorpion poisons you!
It was a potion of brilliance.
You feel clever all of a sudden.
You die...
Your body crumbles into a pile of gold.

#.# #.#.# #.####..#####
#.############.#.# #.####..#####
#.........<....#.# #.##.........
#........####..#.####.##.#..#####
.....###.####..)......#.....# #
.....# #.......#............#####
###.## #...>...########...#......
###.####..##..o#########.########
.##.##.......oos@........# #
..#.##.#...######.######## #
..#........# #.# # ....##.##..#
#.# ####### .##.##.....# #.#
#...... ###.#####.## #.# #.##.##
# #.#####.# #.# #.##.# #
#.......# #.# #.##.## ####..#####
#.###### #.##.##


You could see a scorpion, an orc priest and 2 orcs.

Vanquished Creatures
  An orc wizard (D:3)
  Crazy Yiuf (D:3)
  Jessica (D:3)
  Ijyb (D:3)
  11 adders
  2 worms (D:3)
  5 dart slugs
  3 leopard geckos
  6 orcs
  5 bats
  A bat zombie (D:1)
  A giant cockroach (D:3)
  8 hobgoblins
  3 jackals (D:2)
  A quokka (D:3)
  4 frilled lizards
  12 goblins
  A jackal zombie (D:1)
  9 kobolds
  13 rats
89 creatures vanquished.

Notes
Turn   | Place    | Note
-------+----------+-------------------------------------------
     0 | D:1      | Emblim88 the Gnoll Fighter began the quest for the Orb.
     0 | D:1      | Reached XP level 1. HP: 23/23 MP: 1/1
   111 | D:1      | Reached XP level 2. HP: 29/29 MP: 2/2
   382 | D:1      | Reached XP level 3. HP: 35/35 MP: 3/3
   708 | D:2      | Reached skill level 1 in Invocations
   798 | D:2      | Reached skill level 1 in Short Blades
   798 | D:2      | Reached skill level 1 in Long Blades
   798 | D:2      | Reached skill level 1 in Axes
   798 | D:2      | Reached skill level 1 in Maces & Flails
   798 | D:2      | Reached skill level 1 in Staves
   798 | D:2      | Reached skill level 1 in Slings
   798 | D:2      | Reached skill level 1 in Bows
   798 | D:2      | Reached skill level 1 in Crossbows
   798 | D:2      | Reached skill level 1 in Throwing
   798 | D:2      | Reached skill level 1 in Dodging
   798 | D:2      | Reached skill level 1 in Stealth
   798 | D:2      | Reached skill level 1 in Unarmed Combat
   798 | D:2      | Reached skill level 1 in Spellcasting
   798 | D:2      | Reached skill level 1 in Evocations
   798 | D:2      | Reached XP level 4. HP: 41/41 MP: 5/5
   938 | D:2      | Reached skill level 1 in Conjurations
   938 | D:2      | Reached skill level 1 in Hexes
   938 | D:2      | Reached skill level 1 in Charms
   938 | D:2      | Reached skill level 1 in Summonings
   938 | D:2      | Reached skill level 1 in Necromancy
   938 | D:2      | Reached skill level 1 in Translocations
   938 | D:2      | Reached skill level 1 in Transmutations
   938 | D:2      | Reached skill level 1 in Fire Magic
   938 | D:2      | Reached skill level 1 in Ice Magic
   938 | D:2      | Reached skill level 1 in Air Magic
   938 | D:2      | Reached skill level 1 in Earth Magic
   938 | D:2      | Reached skill level 1 in Poison Magic
  1039 | D:2      | Found a snail-covered altar of Cheibriados.
  1041 | D:2      | Found an opulent altar of Gozag.
  1052 | D:2      | Found a blossoming altar of Fedhas.
  1054 | D:2      | Became a worshipper of Gozag Ym Sagoz the Greedy
  1065 | D:2      | Found a sacrificial altar of Ru.
  1065 | D:2      | Found a basalt altar of Yredelemnul.
  1169 | D:2      | Found an iron altar of Okawaru.
  1240 | D:2      | Reached XP level 5. HP: 41/47 MP: 6/6
  1395 | D:3      | Noticed Jessica
  1412 | D:3      | Killed Jessica
  1510 | D:3      | Noticed Ijyb
  1532 | D:3      | Killed Ijyb
  1736 | D:3      | Found a runed translucent door.
  1737 | D:3      | Noticed Crazy Yiuf
  1818 | D:3      | Reached XP level 6. HP: 50/53 MP: 8/8
  1909 | D:3      | Found a shattered altar of Ashenzari.
  2221 | D:3      | Killed Crazy Yiuf
  2221 | D:3      | Reached skill level 5 in Polearms
  2313 | D:3      | HP: 2/53 [scorpion (2)]
  2314 | D:3      | Succumbed to a scorpion's poison

Levels and vault maps discovered:
D:1:      saegor_arrival_fortress, layout_basic, lemuel_old_faithful
D:2:      layout_loops_ring, lemuel_round_altar, minitemple
D:3:      kennysheep_the_goblin_king, layout_loops_ring,
          nicolae_ashenzari_panopticon, uniq_crazy_yiuf_cottage, uniq_jessica
D:4:      layout_loops_ring, first_ration, kennysheep_generic_room_14

Skill      XL: |  1  2  3  4  5  6 |
---------------+-------------------+-----
Invocations    | 1 2 |  2.1
Short Blades   | 1 |  1.9
Long Blades    | 1 |  1.9
Axes           | 1 |  1.9
Maces & Flails | 1 |  1.9
Staves         | 1 |  1.9
Slings         | 1 |  1.9
Bows           | 1 |  1.9
Crossbows      | 1 |  1.9
Throwing       | 1 |  1.9
Dodging        | 1 |  1.9
Stealth        | 1 |  1.9
Unarmed Combat | 1 |  1.9
Spellcasting   | 1 |  1.9
Evocations     | 1 |  1.9
Conjurations   | 1 |  1.5
Hexes          | 1 |  1.5
Charms         | 1 |  1.5
Summonings     | 1 |  1.5
Necromancy     | 1 |  1.5
Translocations | 1 |  1.5
Transmutations | 1 |  1.5
Fire Magic     | 1 |  1.5
Ice Magic      | 1 |  1.5
Air Magic      | 1 |  1.5
Earth Magic    | 1 |  1.5
Poison Magic   | 1 |  1.5
Polearms       | 5 |  5.0
Fighting       | |  6.8
Armour         | |  6.8
Shields        | |  6.8

Action                   |  1- 3 |  4- 6 || total
-------------------------+-------+-------++-------
Melee: Trident           |    87 |   198 ||   285
       Bite              |     4 |    22 ||    26
  Use: Potion            |       |     2 ||     2
 Stab: Distracted        |       |     1 ||     1
  Eat: Chunk             |       |     1 ||     1
       Ration            |       |     1 ||     1
Armor: Scale mail        |    27 |    44 ||    71
Dodge: Dodged            |    23 |    47 ||    70
Block: Kite shield       |    38 |    93 ||   131

Table legend:
 A = Non-vault XP
 B = Vault XP
 C = Vault XP percentage of total XP
 D = Non-vault monster count
 E = Vault monster count
 F = Vault count percentage of total count
                 A         B        C        D         E       F
            +---------+---------+-------+---------+---------+-------
      Total |     322 |     128 |  28.4 |      78 |      11 |  12.4
            +---------+---------+-------+---------+---------+-------
        D:1 |      38 |       3 |   7.3 |      21 |       2 |   8.7
        D:2 |     142 |       0 |   0.0 |      27 |       0 |   0.0
        D:3 |     139 |     125 |  47.3 |      29 |       9 |  23.7
        D:4 |       3 |       0 |   0.0 |       1 |       0 |   0.0
            +---------+---------+-------+---------+---------+-------
